 Dungeon Crawl Stone Soup version 0.26.0-16-gc1dbca0489 (webtiles) character file.

Game seed: 17188708806550036577

115 Tocho the Sneak (level 5, 0/28 HPs)
             Began as a Kobold Enchanter on Jan 21, 2021.
             Was an Initiate of Sif Muna.
             Slain by an orc wizard
             ... wielding a +0 dagger
              (5 damage)
             ... on level 3 of the Dungeon.
             The game lasted 00:07:26 (3513 turns).

Tocho the Sneak (Kobold Enchanter)                  Turns: 3513, Time: 00:07:27

Health: 0/28       AC:  2    Str:  5    XL:     5   Next: 20%
Magic:  1/9        EV: 15    Int: 17    God:    Sif Muna [......]
Gold:   121        SH:  0    Dex: 16    Spells: 6/9 levels left

rFire    . . .     SeeInvis .   a - +1 dagger
rCold    . . .     Faith    .   (shield restricted)
rNeg     . . .     Spirit   .   b - +0 robe
rPois    .         Reflect  .   (no helmet)
rElec    .         Harm     .   (no cloak)
rCorr    .         Rampage  .   (no gloves)
Will     .....                  (no boots)
Stlth    ++++......             (no amulet)
HPRegen  0.09/turn              (no ring)
MPRegen  0.11/turn              (no ring)

@: mighty, very slightly contaminated
A: small, nightstalker 3
a: Renounce Religion


You were on level 3 of the Dungeon.
You worshipped Sif Muna.
Sif Muna was noncommittal.
You visited 1 branch of the dungeon, and saw 3 of its levels.

You collected 121 gold pieces.

Inventory:

Hand Weapons
 a - a +1 dagger (weapon)
 m - a +1 dagger of protection
Missiles
 i - 11 poisoned darts
 n - 28 bolts
Armour
 b - a +0 robe (worn)
 j - a +0 leather armour
 s - a +0 pair of gloves
Jewellery
 f - a cursed -4 ring of dexterity
Scrolls
 c - a scroll of amnesia {unknown}
 l - 5 scrolls of remove curse
 o - a scroll of random uselessness
 p - a scroll of blinking
Potions
 d - 2 potions of might
 e - a potion of lignification {unknown}
 h - a potion of flight {unknown}
 k - a potion of brilliance {unknown}
 r - a potion of degeneration {unknown}


   Skills:
 + Level 0.2 Fighting
 * Level 2.9 Short Blades
 + Level 2.4 Dodging
 + Level 4.7 Stealth
 * Level 2.8 Spellcasting
 * Level 4.0 Hexes
 + Level 1.1 Ice Magic


You had 6 spell levels left.
You knew the following spells:

 Your Spells              Type           Power        Failure   Level
a - Corona                Hex            17%          3%          1
b - Ensorcelled Hibernat  Hex/Ice        22%          10%         2

Your spell library contained the following spells:

 Spells                   Type           Power        Failure   Level
 Confusing Touch          Hex            16%          10%         3
 Tukima's Dance           Hex            16%          10%         3
 Dazzling Flash           Conj/Hex       18%          24%         3


Dungeon Overview and Level Annotations

Branches:
Dungeon (3/15)

Altars:
Dithmenos
Elyvilon
Hepliaklqana
Sif Muna


Innate Abilities, Weirdness & Mutations

You are small and have problems with some larger weapons.
You are completely attuned to the shadows.


Message History

You hit the orc.
You kill the orc!
Sif Muna accepts your kill.
The orc wizard points at you and mumbles some strange words.
The magic dart hits you!
* * * LOW HITPOINT WARNING * * *
The orc wizard hits you with a +0 dagger.
* * * LOW HITPOINT WARNING * * *
Items here: (( ) ? [.
You hit the orc wizard but do no damage.
The orc wizard is moderately wounded.
You feel very mighty all of a sudden.
The orc wizard hits you but does no damage.
You closely miss the orc wizard.
The orc wizard is moderately wounded.
The orc wizard stops glowing and disappears.
Something completely misses you.
Deactivating autopickup; reactivate with Ctrl-A.
You miss something. Something hits you.
You die...

######
#....#
#.##)##
#.#...#
#@#.P.#
#{#...#
.o##.##
#####.#
##.##
###...###..
..._.....P
###...###..
##.##


You could see an orc.

Vanquished Creatures
  5 adders (D:2)
  A worm (D:2)
  3 dart slugs (D:1)
  2 leopard geckos (D:2)
  An orc (D:3)
  2 ball pythons (D:2)
  3 giant cockroaches
  7 hobgoblins
  2 jackals
  9 kobolds
  3 bats (D:1)
  6 frilled lizards (D:2)
  7 goblins
  6 rats
57 creatures vanquished.

Vanquished Creatures (others)
  4 toadstools (D:1)
4 creatures vanquished.

Grand Total: 61 creatures vanquished

Notes
Turn   | Place    | Note
-------+----------+-------------------------------------------
     0 | D:1      | Tocho the Kobold Enchanter began the quest for the Orb.
     0 | D:1      | Reached XP level 1. HP: 10/10 MP: 3/3
   167 | D:1      | Reached XP level 2. HP: 15/15 MP: 5/5
   170 | D:1      | Learned a level 2 spell: Ensorcelled Hibernation
   616 | D:1      | Reached XP level 3. HP: 16/19 MP: 2/6
   754 | D:1      | Found a hazy altar of Hepliaklqana.
  1571 | D:2      | Reached XP level 4. HP: 11/24 MP: 4/7
  1576 | D:2      | HP: 1/24 [adder (5)]
  2299 | D:2      | Found a shimmering blue altar of Sif Muna.
  2304 | D:2      | Became a worshipper of Sif Muna the Loreminder
  2814 | D:2      | Found a shadowy altar of Dithmenos.
  3020 | D:2      | Reached XP level 5. HP: 28/28 MP: 9/9
  3077 | D:2      | Reached skill level 1 in Ice Magic
  3478 | D:3      | Found a white marble altar of Elyvilon.
  3513 | D:3      | Slain by an orc wizard

Illustrated notes

Levels and vault maps discovered:
D:1:      ldierk_walled_garden_2, layout_rooms, minmay_misc_feat_encased,
          serial_park_tiny_pond, kennysheep_flooded_box, kennysheep_nondescript,
          hangedman_feature_mirror, dk_noncrumbling_3, minmay_misc_feat_cross
D:2:      minmay_razor_zed, layout_loops_corners, marbit_many_paths,
          led_sif_pool
D:3:      layout_basic, grunt_temple_overflow_champion_of_chaos,
          elyvilon_altar_1, lemuel_zombie_altar_yredelemnul

Skill      XL: |  1  2  3  4  5 |
---------------+----------------+-----
Short Blades   | 2 |  2.9
Hexes          | 4 |  4.0
Ice Magic      | 1 |  1.1
Fighting       | |  0.2
Dodging        | |  2.4
Stealth        | |  4.7
Spellcasting   | |  2.8

Action                   |  1- 3 |  4- 6 || total
-------------------------+-------+-------++-------
Melee: Dagger            |    90 |    63 ||   153
 Cast: Corona            |     5 |     3 ||     8
       Ensorcelled Hiber |    17 |    22 ||    39
  Use: Potion            |       |     3 ||     3
       Scroll            |       |     6 ||     6
 Stab: Sleeping          |    19 |    21 ||    40
       Distracted        |       |     1 ||     1
Armor: Robe              |    12 |     5 ||    17
Dodge: Dodged            |    82 |    43 ||   125
